 Dungeon Crawl Stone Soup version 0.29-a0-297-g7659ce593d (webtiles) character file.

Game seed: 15063405888490981045

32 Dabor the Insei (level 3, -2/18 HPs)
             Began as a Vine Stalker Transmuter on Mar 21, 2022.
             Was a Plaything of Xom.
             Slain by Sigmund
             ... wielding a +3 scythe
              (10 damage)
             ... on level 2 of the Dungeon.
             The game lasted 00:01:27 (1669 turns).

Dabor the Insei (Vine Stalker Transmuter)           Turns: 1669, Time: 00:01:28

Health: -2/18      AC:  2    Str: 14    XL:     3   Next: 25%
Magic:  0/7        EV: 12    Int: 13    God:    Xom [...*..]
Gold:   55         SH:  0    Dex: 14    Spells: 4/7 levels left

rFire   . . .      SeeInvis .     - Unarmed
rCold   . . .      Faith    .   (no shield)
rNeg    + . .      Spirit   +   a - +0 robe
rPois   .          Reflect  .   (helmet currently unavailable)
rElec   .          Harm     .   (no cloak)
rCorr   .          Rampage  .   (no gloves)
Will    +....                   (boots currently unavailable)
Stlth   +.........              (no amulet)
HPRegen 0.06/turn               e - ring of willpower
MPRegen 0.10/turn               i - ring of positive energy

@: appendages (expiring), wereblooded
A: horns 2, talons 2, fangs 2, magic shield, antimagic bite, no potion heal 2
a: End Transformation, Renounce Religion


You were on level 2 of the Dungeon.
You worshipped Xom.
You were a favourite toy of Xom.
You had temporarily grown beastly horns and talons.
You visited 1 branch of the dungeon, and saw 2 of its levels.

You collected 55 gold pieces.

Inventory:

Armour
 a - a +0 robe (worn)
 f - a +0 pair of boots (melded)
Jewellery
 e - a ring of willpower (left hand)
 i - a ring of positive energy (right hand)
 j - a ring of flight
Potions
 c - a potion of brilliance {unknown}
 d - a potion of heal wounds {unknown}
 g - 2 potions of might {unknown}
 h - a potion of ambrosia {unknown}
 k - a potion of attraction {unknown}
 l - a potion of curing {unknown}


   Skills:
 + Level 1.3 Fighting
 + Level 1.9 Dodging
 + Level 3.2 Unarmed Combat
 + Level 2.5 Spellcasting
 + Level 2.3 Transmutations


You had 4 spell levels left.
You knew the following spells:

 Your Spells              Type           Power      Damage    Failure   Level
a - Beastly Appendage     Tmut           14%        N/A       9%          1
b - Wereblood             Tmut           7%         N/A       14%         2

Your spell library contained the following spells:

 Spells                   Type           Power      Damage    Failure   Level
 Spider Form              Tmut/Pois      4%         N/A       41%         3
 Ice Form                 Ice/Tmut       4%         N/A       83%         4


Dungeon Overview and Level Annotations

Branches:
Dungeon (2/15)

Altars:
Xom

Annotations:
D:2 Jessica, Sigmund


Innate Abilities, Weirdness & Mutations

You have temporarily grown beastly horns and talons.
You have extremely sharp teeth.
When hurt, damage is shared between your health and your magic reserves.
Your bite disrupts and absorbs the magic of your enemies.
Potions cannot restore your health.


Message History

Your +0 pair of boots unmelds from your body.
Your +0 robe unmelds from your body.
You start resting.
You are now a favourite toy of Xom.
You start resting.
HP restored.
You see here an adder skeleton.
You see here an adder skeleton.
Sigmund the Dreaded comes into view.
He is wielding a +3 scythe.
Sigmund shouts!
Sigmund is nearby!
Sigmund is nearby!
Sigmund is nearby!
Casting: Beastly Appendage (safe; 9% risk of failure)
Confirm with . or Enter, or press ? or * to list all spells.
You grow a pair of large bovine horns.
Your feet morph into talons.
Your +0 pair of boots melds into your body.
Casting: Beastly Appendage (safe; 9% risk of failure)
Confirm with . or Enter, or press ? or * to list all spells.
Your blood is infused with primal strength.
Your transformation is almost over.
Sigmund says, "Your kind have come here before.
I understand now why.
You desire death..."
Sigmund casts a spell at you. You resist with almost no effort.
Sigmund closely misses you.
You hit Sigmund but do no damage. Your headbutt misses Sigmund.
You hit Sigmund. Your kick misses Sigmund. Your headbutt misses Sigmund.
Sigmund is lightly wounded.
Sigmund hits you with a +3 scythe!
Ouch! That really hurt!
Jessica the Apprentice Sorceress comes into view.
She is wielding a +0 club and carrying a wand of digging (5).
You barely miss Sigmund.
Jessica shouts!
Your bite misses Sigmund.
Sigmund is lightly wounded.
Jessica zaps a wand.
Some rock shatters into small pieces.
Sigmund hits you with a +3 scythe!
Ouch! That really hurt!
You die...
Xom laughs nastily!

................+
##.######.##.####...
.....# #.##........
.##### #.##.#####+#
.# #.##.....# .#
#.##.###.# .# #.##.#
#.# .# #. ..# #.#
.######+#+##.# #@#
.#........ #.# #@#
##........ +.. ..#
.'........ #. #...
##........ ....
.......... ##....
##........ #!...
#.†...... #.#@..
#........


You could see Sigmund and Jessica.

Vanquished Creatures
  An adder (D:2)
  2 bats (D:1)
  An endoplasm (D:1)
  3 giant cockroaches (D:1)
  A goblin (D:1)
  2 hobgoblins (D:1)
  A quokka (D:1)
  3 frilled lizards
  6 kobolds (D:1)
  3 rats (D:1)
23 creatures vanquished.

Notes
Turn   | Place    | Note
-------+----------+-------------------------------------------
     0 | D:1      | Dabor the Vine Stalker Transmuter began the quest for the
                  | Orb.
     0 | D:1      | Reached XP level 1. HP: 9/9 MP: 4/4
    89 | D:1      | Reached skill level 1 in Fighting
   257 | D:1      | Reached XP level 2. HP: 9/14 MP: 4/6
   540 | D:1      | Found a faded altar of an unknown god.
   903 | D:1      | Learned a level 2 spell: Wereblood
  1252 | D:1      | Prayed at the altar of an unknown god.
  1252 | D:1      | Became a worshipper of Xom of Chaos
  1336 | D:2      | XOM: potion effect (haste)
  1345 | D:2      | Reached XP level 3. HP: 8/18 MP: 4/7
  1659 | D:2      | Noticed Sigmund
  1668 | D:2      | Noticed Jessica
  1669 | D:2      | Slain by Sigmund

Illustrated notes

Levels and vault maps discovered:
D:1:      minmay_arrival_jagged, layout_basic, dreamdust_ecumenical_altar_grove
D:2:      layout_basic, uniq_crazy_yiuf_cottage, uniq_jessica, uniq_terence,
          uniq_sigmund

Skill      XL: |  1 |
---------------+----+-----
Fighting       | 1 |  1.3
Dodging        | |  1.9
Unarmed Combat | |  3.2
Spellcasting   | |  2.5
Transmutations | |  2.3

Action                   || total
-------------------------++-------
Melee: Unarmed           ||    75
       Bite              ||     9
       Punch             ||     1
       Kick              ||     2
 Cast: Beastly Appendage ||     3
       Wereblood         ||     1
  Use: Potion            ||     1
 Stab: Sleeping          ||     1
Armor: Robe              ||    14
       Skin              ||     3
Dodge: Dodged            ||    38

Table legend: (Time is in decaauts)
 A = Elapsed time spent in this place.
 B = Non-inter-level travel time spent in this place.
 C = Inter-level travel time spent in this place.
 D = Time resting spent in this place.
 E = Time spent auto-exploring this place.
 F = Levels seen in this place.
 G = Mean time per level.
                   A        B        C        D        E       F      G
               +--------+--------+--------+--------+--------+-----+--------+
         Total |   1645 |   1568 |     77 |    266 |   1085 |   2 |  822.5 |
       Dungeon |   1645 |   1568 |     77 |    266 |   1085 |   2 |  822.5 |
               +--------+--------+--------+--------+--------+-----+--------+

Top non-repeatable levels by time:
     D:1: 1269 daAuts
     D:2: 376 daAuts
